 Dungeon Crawl Stone Soup version 0.29-a0-330-g52719c12eb (webtiles) character file.

Game seed: 8477268942803431628

27 Aelig the Sneak (level 3, -2/19 HPs)
             Began as a Kobold Enchanter on May 5, 2022.
             Killed from afar by Natasha (5 damage)
             ... with a magic dart
             ... on level 4 of the Dungeon.
             The game lasted 00:03:04 (1669 turns).

Aelig the Sneak (Kobold Enchanter)                  Turns: 1669, Time: 00:03:05

Health: -2/19      AC:  5    Str:  5    XL:     3   Next: 25%
Magic:  6/6        EV: 15    Int: 18    God:
Gold:   34         SH:  0    Dex: 15    Spells: 4/6 levels left

rFire   . . .      SeeInvis .   g - +3 dagger
rCold   . . .      Faith    .   (no shield)
rNeg    . . .      Spirit   .   b - +0 robe
rPois   .          Reflect  .   j - +2 helmet
rElec   .          Harm     .   (no cloak)
rCorr   .          Rampage  .   (no gloves)
Will    +....                   (no boots)
Stlth   ++++......              (no amulet)
HPRegen 0.06/turn               k - ring of willpower
MPRegen 0.10/turn               (no ring)

@: invisible
A: small, no large weapons, nightstalker 3
a: no special abilities


You were on level 4 of the Dungeon.
You visited 1 branch of the dungeon, and saw 3 of its levels.

You collected 34 gold pieces.

Inventory:

Hand Weapons
 g - a +3 dagger (weapon)
Missiles
 e - 64 stones (quivered)
Armour
 b - a +0 robe (worn)
 j - a +2 helmet (worn)
Jewellery
 k - a ring of willpower (left hand)
Wands
 m - a wand of flame (16)
Scrolls
 f - a scroll of teleportation {unknown}
 h - a scroll of fog {unknown}
 l - a scroll of fear {unknown}
Potions
 a - a potion of resistance {unknown}
 c - 3 potions of invisibility
 d - a potion of mutation {unknown}


   Skills:
 - Level 1.3 Short Blades
 - Level 2.4 Dodging
 - Level 4.0 Stealth
 - Level 2.1 Spellcasting
 + Level 4.0 Hexes
 + Level 1.0 Ice Magic


You had 4 spell levels left.
You knew the following spells:

 Your Spells              Type           Power      Damage    Failure   Level
a - Ensorcelled Hibernat  Hex/Ice        20%        N/A       10%         2

Your spell library contained the following spells:

 Spells                   Type           Power      Damage    Failure   Level
 Confusing Touch          Hex            16%        N/A       11%         3
 Tukima's Dance           Hex            16%        N/A       11%         3
 Dazzling Flash           Conj/Hex       18%        N/A       24%         3


Dungeon Overview and Level Annotations

Branches:
Dungeon (2/15)

Altars:

Annotations:
D:4 Natasha, Sigmund


Innate Abilities, Weirdness & Mutations

You are small and have problems with some larger weapons.
You are completely attuned to the shadows.


Message History

Found a stone staircase leading down.
Found a stone staircase leading down.
There is a stone staircase leading down here.
A necrophage comes into view.
Natasha, Servant of Life and Death comes into view.
Natasha hisses angrily.
Natasha casts a spell.
Natasha mumbles some strange words.
As you read the scroll labelled NEN DEMIACWU, it crumbles to dust.
Wisps of shadow whirl around you...
It was a scroll of summoning.
Natasha stares at you and mumbles some strange words.
The magic dart hits you!
The crimson imp hits your giant cockroach.
Natasha stares at you and mumbles some strange words.
The magic dart hits your iguana.
Your giant cockroach barely misses the crimson imp.
The shadow imp gestures at you.
Your iguana writhes in agony.
The crimson imp hits your giant cockroach but does no damage.
Your iguana bites the shadow imp.
Your giant cockroach bites the crimson imp but does no damage.
Your iguana barely misses the shadow imp.
The shadow imp closely misses your iguana.
The crimson imp hits your giant cockroach.
Your giant cockroach closely misses the crimson imp.
Something closely misses your iguana.
Your iguana barely misses Natasha.
The crimson imp hits your hobgoblin.
Your hobgoblin closely misses the crimson imp.
Something hits your iguana but does no damage.
Your giant cockroach barely misses Natasha.
Your hobgoblin hits Natasha but does no damage.
Natasha stares at you and mumbles some strange words.
The magic dart hits you!
* * * LOW HITPOINT WARNING * * *
Something hits your hobgoblin.
Your iguana bites Natasha.
Your hobgoblin closely misses Natasha.
You fade into invisibility!
Natasha casts a spell at you. The magic dart hits you.
You die...

## #### ####### .#
#..#####.....## .#
#.##.........@###
.###.#.............##
.##..#......>.......##
..#..#..............h##
..#..#.............lgB###
..#.##...............5..##
..#.##........>..........##
..#.##.........n..........#
....##........ ...5.....#


You could see Natasha (ally target), a friendly iguana (summoned) and a friendly
hobgoblin (summoned).

Vanquished Creatures
  A dart slug (D:4)
  2 ball pythons
  4 endoplasms
  2 goblins
  5 bats
  2 frilled lizards (D:1)
  7 kobolds
  2 rats
25 creatures vanquished.

Notes
Turn   | Place    | Note
-------+----------+-------------------------------------------
     0 | D:1      | Aelig the Kobold Enchanter began the quest for the Orb.
     0 | D:1      | Reached XP level 1. HP: 10/10 MP: 3/3
   297 | D:1      | Reached XP level 2. HP: 15/15 MP: 5/5
   517 | D:1      | Learned a level 2 spell: Ensorcelled Hibernation
  1329 | D:2      | Reached XP level 3. HP: 19/19 MP: 6/6
  1486 | D:2      | You fall into a shaft and drop 2 floors!
  1547 | D:4      | Noticed Sigmund
  1568 | D:4      | Reached skill level 1 in Ice Magic
  1649 | D:4      | Noticed a necrophage
  1655 | D:4      | Noticed Natasha
  1669 | D:4      | Killed from afar by Natasha

Illustrated notes

Levels and vault maps discovered:
D:1:      dpeg_arrival_circle_labyrinth_c, layout_basic
D:2:      layout_basic, uniq_crazy_yiuf_cottage, uniq_terence
D:4:      layout_cave_pods, minmay_close_crescents, uniq_edmund, uniq_natasha,
          uniq_sigmund, uniq_blork_the_orc

Skill      XL: |  1  2  3 |
---------------+----------+-----
Hexes          | 4 |  4.0
Ice Magic      | 1 |  1.0
Short Blades   | |  1.3
Dodging        | |  2.4
Stealth        | |  4.0
Spellcasting   | |  2.1

Action                   || total
-------------------------++-------
Melee: Dagger            ||    30
  Use: Scroll            ||     1
       Potion            ||     1
 Stab: Sleeping          ||    19
Armor: Robe              ||     1
Dodge: Dodged            ||     4

Table legend: (Time is in decaauts)
 A = Elapsed time spent in this place.
 B = Non-inter-level travel time spent in this place.
 C = Inter-level travel time spent in this place.
 D = Time resting spent in this place.
 E = Time spent auto-exploring this place.
 F = Levels seen in this place.
 G = Mean time per level.
                   A        B        C        D        E       F      G
               +--------+--------+--------+--------+--------+-----+--------+
         Total |   1665 |   1648 |     17 |    140 |   1146 |   3 |  555.0 |
       Dungeon |   1665 |   1648 |     17 |    140 |   1146 |   3 |  555.0 |
               +--------+--------+--------+--------+--------+-----+--------+

Top non-repeatable levels by time:
     D:1: 1113 daAuts
     D:2: 369 daAuts
     D:4: 182 daAuts
